 Dungeon Crawl Stone Soup version 0.27.1-34-g3ba077fa99 (webtiles) character file.

Game seed: 8572153196965936320

123 cbfl8 the Shield-Bearer (level 4, 0/40 HPs)
             Began as a Minotaur Fighter on Jan 18, 2022.
             Slain by a black bear (1 damage)
             ... on level 3 of the Dungeon.
             The game lasted 00:06:15 (3410 turns).

cbfl8 the Shield-Bearer (Minotaur Fighter)          Turns: 3410, Time: 00:06:15

Health: 0/40       AC:  8    Str: 20    XL:     4   Next: 80%
Magic:  3/3        EV:  7    Int:  6    God:
Gold:   71         SH:  9    Dex: 10    Spells: 3/3 levels left

rFire    . . .     SeeInvis .   a - +0 war axe
rCold    . . .     Faith    +   c - +0 kite shield
rNeg     . . .     Spirit   .   b - +0 scale mail
rPois    .         Reflect  .   (helmet restricted)
rElec    .         Harm     .   (no cloak)
rCorr    .         Rampage  .   (no gloves)
Will     .....                  l - +0 pair of boots
Stlth    ..........             j - amulet of faith
HPRegen  0.13/turn              (no ring)
MPRegen  0.08/turn              (no ring)

@: no status effects
A: horns 2, retaliatory headbutt
a: no special abilities


You were on level 3 of the Dungeon.
You visited 1 branch of the dungeon, and saw 3 of its levels.

You collected 71 gold pieces.

Inventory:

Hand Weapons
 a - a +0 war axe (weapon)
Armour
 b - a +0 scale mail (worn)
 c - a +0 kite shield (worn)
 k - a +0 chain mail
 l - a +0 pair of boots (worn)
Jewellery
 j - an amulet of faith (around neck)
 o - an amulet of the acrobat
Wands
 p - a wand of iceblast (3)
Scrolls
 e - a scroll of enchant weapon {unknown}
 f - a scroll of torment {unknown}
 g - a scroll of teleportation {unknown}
 i - a scroll of fear {unknown}
 q - 3 scrolls of acquirement {unknown}
Potions
 d - 2 potions of might
 h - 3 potions of curing {unknown}
 m - a potion of heal wounds {unknown}
 n - a potion of flight {unknown}


   Skills:
 + Level 4.2 Fighting
 + Level 4.1 Axes
 + Level 4.4 Armour
 + Level 0.8 Dodging
 + Level 0.1 Stealth
 + Level 4.5 Shields


You had 3 spell levels left.
You didn't know any spells.
Your spell library contained the following spells:

 Spells                   Type           Power      Damage    Failure   Level
 Summon Guardian Golem    Hex/Summ       0%         N/A       100%        3
 Orb of Destruction       Conj           0%         N/A       100%        7
 Spellforged Servitor     Conj/Summ      0%         N/A       100%        7


Dungeon Overview and Level Annotations

Branches:
Dungeon (3/15)

Altars:
Makhleb
Qazlal

Shops:
D:1 [   D:2 ?


Innate Abilities, Weirdness & Mutations

You have a pair of horns on your head.
You reflexively headbutt those who attack you in melee.


Message History

The black bear barely misses you.
The black bear claws you but does no damage.
Unknown command.
You barely miss the black bear. Your headbutt misses the black bear.
The black bear is lightly wounded.
The black bear bites you. The black bear claws you.
You block the black bear's attack. The black bear barely misses you.
The black bear claws you. You block the black bear's attack.
Unknown command.
You closely miss the black bear.
The black bear is lightly wounded.
You block the black bear's attack. The black bear claws you.
The black bear barely misses you.
Unknown command.
You slash the black bear!
The black bear is heavily wounded.
The black bear completely misses you. You block the black bear's attack.
The black bear claws you. The black bear bites you.
The black bear closely misses you.
The black bear claws you but does no damage.
Unknown command.
You slash the black bear!
The black bear is severely wounded.
You block the black bear's attack. The black bear claws you.
The black bear barely misses you.
Unknown command.
You closely miss the black bear.
The black bear is severely wounded.
The black bear goes berserk!
The black bear bites you!
* * * LOW HITPOINT WARNING * * *
The black bear barely misses you. The black bear claws you.
* * * LOW HITPOINT WARNING * * *
Unknown command.
You closely miss the black bear.
The black bear is severely wounded.
The black bear bites you!
* * * LOW HITPOINT WARNING * * *
You block the black bear's attack. The black bear barely misses you. x2
The black bear claws you.
You die...

###.# #..##..######[# # #.# ....#
#. #.........#.# #.# ########..
#.>.......... #.# ..........
#####....##.# #.#
#.######.#######....##.# #.# #.#
..............#. ..#.#.# #.#
############....####.##.#.#.# #.#
#.....# #....# #.#... #.#
#.###.....# #@h..# ##.#..###.#
#.........# #............#.#)#
#.........######....####.#....#)#
#......)......##....# #.#..#.#.#
#####.........##########....#.#.#
..............# #..........#....
########......####.##.....#.....#
#.....................†...
##..÷...#######....##.#####


You could see a black bear (berserk).

Vanquished Creatures
  Ijyb (D:3)
  An orc wizard (D:3)
  2 adders (D:3)
  A worm (D:3)
  2 orcs (D:3)
  8 ball pythons
  5 endoplasms
  4 giant cockroaches
  5 goblins
  2 hobgoblins (D:2)
  5 bats
  3 frilled lizards
  5 kobolds
  9 rats
53 creatures vanquished.

Notes
Turn   | Place    | Note
-------+----------+-------------------------------------------
     0 | D:1      | cbfl8 the Minotaur Fighter began the quest for the Orb.
     0 | D:1      | Reached XP level 1. HP: 19/19 MP: 0/0
   370 | D:1      | Found Hilionat's Armour Emporium.
   407 | D:1      | Reached XP level 2. HP: 27/27 MP: 1/1
  1396 | D:2      | Found a burning altar of Makhleb.
  1621 | D:2      | Reached XP level 3. HP: 33/33 MP: 2/2
  1691 | D:2      | Found Kanamneg's Magic Scroll Shop.
  2515 | D:3      | Reached XP level 4. HP: 37/40 MP: 3/3
  2561 | D:3      | Found a stormy altar of Qazlal.
  2806 | D:3      | Noticed Ijyb
  2821 | D:3      | Killed Ijyb
  3398 | D:3      | Noticed a black bear
  3410 | D:3      | HP: 1/40 [black bear (7)]
  3410 | D:3      | Slain by a black bear

Illustrated notes

Levels and vault maps discovered:
D:1:      lemuel_arrival_broad_hall, layout_loops_corners, serial_shops, shop
D:2:      layout_basic, basic_altar, serial_shops, shop_statue
D:3:      layout_basic, mainiacjoe_overflow_cross_hatched,
          amcnicky_mini_rare_corridor_liquid, uniq_crazy_yiuf_cottage, uniq_ijyb

Skill      XL: |  1  2  3  4 |
---------------+-------------+-----
Shields        | 4 |  4.5
Fighting       | 4 |  4.2
Axes           | 3 4 |  4.1
Armour         | 4 |  4.4
Dodging        | |  0.8
Stealth        | |  0.1

Action                   |  1- 3 |  4- 6 || total
-------------------------+-------+-------++-------
Melee: War axe           |    86 |    47 ||   133
       Headbutt          |    10 |     8 ||    18
Armor: Scale mail        |    54 |    22 ||    76
Dodge: Dodged            |    26 |    22 ||    48
Block: Kite shield       |    48 |    27 ||    75
